 Dungeon Crawl Stone Soup version 0.22.1-1-ga44c0e5 (webtiles) character file.

243 Fang the Chopper (level 6, -2/39 HPs)
             Began as a Gargoyle Berserker on Oct 26, 2018.
             Was a Priest of Trog.
             Killed from afar by an orc wizard (9 damage)
             ... with a puff of flame
             ... on level 4 of the Dungeon on Oct 29, 2018.
             The game lasted 00:04:59 (2570 turns).

Fang the Chopper (Gargoyle Berserker)               Turns: 2570, Time: 00:05:00

Health: -2/39      AC:  6    Str: 22    XL:     6   Next: 9%
Magic:  6/6        EV: 12    Int:  8    God:    Trog [***...]
Gold:   161        SH:  0    Dex:  9    Spells: 5/5 levels left

rFire    . . .     SeeInvis .   a - +0 hand axe
rCold    . . .     Gourm    .   (no shield)
rNeg     + . .     Faith    .   b - +0 animal skin
rPois    ∞         Spirit   .   (no helmet)
rElec    +         Reflect  .   (no cloak)
rCorr    .         Harm     .   (no gloves)
MR       .....                  (no boots)
Stlth    +.........             (no amulet)
HPRegen  0.13/turn              (no ring)
MPRegen  0.10/turn              (no ring)

@: confused, berserk cooldown, slowed, very slow
A: negative energy resistance 1, electricity resistance, unbreathing,
petrification resistance, rot immunity, AC +4
a: Berserk, Trog's Hand, Renounce Religion


You were on level 4 of the Dungeon.
You worshipped Trog.
Trog was most pleased with you.
You were very hungry.

You visited 1 branch of the dungeon, and saw 4 of its levels.

You collected 161 gold pieces.

Inventory:

Hand Weapons
 a - a +0 hand axe (weapon)
Armour
 b - a +0 animal skin (worn)
Scrolls
 e - 2 scrolls of teleportation {unknown}
 f - 4 scrolls of identify {unknown}
 g - 3 scrolls of remove curse {unknown}
 l - a scroll of enchant weapon {unknown}
 m - a scroll of enchant armour {unknown}
Potions
 d - 3 potions of curing {unknown}
 h - 2 potions of might {unknown}
 i - a potion of flight {unknown}
 j - 2 potions of lignification {unknown}
 k - a potion of haste {unknown}
 n - a potion of brilliance {unknown}
Comestibles
 c - 7 rations


   Skills:
 + Level 4.4 Fighting
 + Level 4.7 Axes
 + Level 2.3 Armour
 + Level 2.5 Dodging
 + Level 1.0 Stealth


You had 5 spell levels left.
You didn't know any spells.
Your spell library was empty.

Dungeon Overview and Level Annotations

Branches:
Dungeon (4/15)
 Temple: D:4-7

Altars:
Xom
Zin


Innate Abilities, Weirdness & Mutations

You are resistant to torment.
Your stone body is resilient. (AC +4)
You are immune to poison.
You resist negative energy. (rN+)
You are resistant to electric shocks. (rElec)
You can survive without breathing.
You are immune to petrification.
You are immune to rotting.


Message History

The orc wizard flickers and vanishes!
Something hits you.
* * * LOW HITPOINT WARNING * * *
Unknown command.
You bump into the rock wall.
You feel a strong urge to attack something.
Something hits you but does no damage.
Unknown command.
You bump into the rock wall.
You are no longer berserk.
You are exhausted.
You feel yourself slow down.
The orc priest begins to cast a cantrip, but forgets the words!
Unknown command.
You bump into the rock wall.
Something hits you but does no damage. x2
Unknown command.
You miss something.
You hear some strange, mumbled words.
A puff of flame appears from out of thin air!
The puff of flame hits you!
You die...

.. #.##.#
#.?#o.#.#
#...#...#
#.....#
####o.####
#{o...###
###l###<..#
..#{#
###......
#.#@# #####
.#####.#.#####
.......#.....#
#..(.....#
#..(.....#
#..(#[...#
#...#...%#
##########


You could see an orc priest, an orc and a frilled lizard.

Vanquished Creatures
  A howler monkey (D:3)
  A centaur skeleton (D:4)
  A worker ant (D:3)
  6 adders
  2 oozes
  An adder skeleton (D:4)
  2 worms (D:2)
  2 dart slugs
  A leopard gecko (D:1)
  5 orcs
  2 ball pythons
  12 bats
  3 giant cockroaches
  9 goblins
  10 hobgoblins
  4 kobolds
  4 frilled lizards
  9 rats
75 creatures vanquished.

Notes
Turn   | Place    | Note
-------+----------+-------------------------------------------
     0 | D:1      | Fang the Gargoyle Berserker began the quest for the Orb.
     0 | D:1      | Reached XP level 1. HP: 14/14 MP: 1/1
   102 | D:1      | Reached XP level 2. HP: 17/19 MP: 2/2
   240 | D:1      | Reached XP level 3. HP: 24/24 MP: 3/3
   425 | D:1      | Reached ** piety under Trog
   800 | D:2      | Reached XP level 4. HP: 15/29 MP: 4/4
  1371 | D:2      | Reached XP level 5. HP: 26/33 MP: 5/5
  1380 | D:2      | Found a shimmering altar of Xom.
  1922 | D:3      | Found a glowing silver altar of Zin.
  1938 | D:3      | Reached *** piety under Trog
  2556 | D:4      | Reached skill level 1 in Stealth
  2556 | D:4      | Reached XP level 6. HP: 17/39 MP: 6/6
  2570 | D:4      | Killed from afar by an orc wizard

Skill      XL: |  1  2  3  4  5 |
---------------+----------------+-----
Axes           | 3 4 |  4.7
Fighting       | 4 |  4.4
Dodging        | 2 |  2.5
Stealth        | 1 |  1.0
Armour         | |  2.3

Action                   |  1- 3 |  4- 6 || total
-------------------------+-------+-------++-------
Melee: Hand axe          |    92 |   186 ||   278
Invok: Berserk           |     1 |     1 ||     2
 Stab: Invisible         |       |     1 ||     1
  Eat: Chunk             |     1 |     5 ||     6
Armor: Animal skin       |    33 |    63 ||    96
Dodge: Dodged            |    71 |   131 ||   202
